[Event "*** Titled Tuesday Blitz"]
[Site "Chess.com"]
[Date "2021.02.16"]
[Round "7"]
[White "Nachsueb"]
[Black "LenkaPtacnikova"]
[Result "1-0"]
[WhiteElo "2171"]
[BlackElo "2098"]
[TimeControl "180+1"]
[EndTime "11:19:04 PST"]
[Termination "Nachsueb won on time"]

1. d4 Nf6 2. c4 e6 3. Nc3 Bb4 4. e3 O-O 5. Bd3 d5 6. Ne2 dxc4 7. Bxc4 c5 8. O-O Nc6 9. a3 cxd4 10. exd4 Be7 11. d5 Nxd5 12. Nxd5 exd5 13. Bxd5 Bf6 14. Ng3 Ne7 15. Bf3 Be6 16. Bxb7 Rb8 17. Bf3 Bxb2 18. Bxb2 Rxb2 19. Rb1 Qb6 20. Rxb2 Qxb2 21. Qd6 Ng6 22. Ne4 h6 23. Bh5 Nh4 24. Qg3 Nf5 25. Qc3 Qxc3 26. Nxc3 Rb8 27. Ne4 Rb3 28. Ra1 Rb2 29. Bf3 Nd4 30. Bd1 Bd5 31. Nc3 Bc6 32. h3 Kf8 33. Kh2 Ke7 34. Kg3 Kd6 35. Rb1 Rxb1 36. Nxb1 Kc5 37. f4 Kc4 38. Kf2 Nb5 39. g4 Nc3 40. Nd2+ Kd3 41. Bf3 Bb5 42. Nf1 Bc4 43. Ne3 Bb3 44. Nf5 1-0

[Event "*** Titled Tuesday Blitz"]
[Site "Chess.com"]
[Date "2021.02.16"]
[Round "7"]
[White "Zq1"]
[Black "Spriteball"]
[Result "1/2-1/2"]
[WhiteElo "2499"]
[BlackElo "2371"]
[TimeControl "180+1"]
[EndTime "11:19:05 PST"]
[Termination "Game drawn by repetition"]

1. Nf3 Nf6 2. c4 e6 3. Nc3 d5 4. d4 c6 5. Bg5 Nbd7 6. e3 Qa5 7. Nd2 dxc4 8. Bxf6 Nxf6 9. Nxc4 Qc7 10. Be2 Bb4 11. O-O O-O 12. Rc1 Bd7 13. a3 Bxc3 14. Rxc3 Rad8 15. b4 Nd5 16. Rc2 Be8 17. Qc1 f6 18. f4 Bg6 19. Rb2 b5 20. Na5 e5 21. fxe5 fxe5 22. Rxf8+ Rxf8 23. Qxc6 Qf7 24. Bxb5 Nxe3 25. h3 exd4 26. Bc4 Nxc4 27. Qxc4 Qxc4 28. Nxc4 Rc8 29. Ne5 d3 30. Nxg6 hxg6 31. Rd2 Rc3 32. a4 Ra3 33. b5 Kf7 34. Kf2 Ke6 35. Ke3 Rxa4 36. Rxd3 Rb4 37. Ra3 Rxb5 38. Rxa7 Kf6 39.
Kf4 Rb4+ 40. Kg3 Rb3+ 41. Kh2 Rc3 42. Ra6+ Kf7 43. h4 Rb3 44. Ra5 Rc3 45. g3 Rb3 46. Kh3 Rb4 47. Rg5 Kf6 48. Rg4 Rb3 49. Rf4+ Ke6 50. Kg4 Rb5 51. Rf8 Rc5 52. Ra8 Rb5 53.
Ra4 Rc5 54. Rf4 Rb5 55. Rf3 Rc5 56. Rf4 Rb5 1/2-1/2

[Event "*** Titled Tuesday Blitz"]
[Site "Chess.com"]
[Date "2021.02.16"]
[Round "7"]
[White "Pantata007"]
[Black "Klavdia_Nik"]
[Result "1-0"]
[WhiteElo "2268"]
[BlackElo "2045"]
[TimeControl "180+1"]
[EndTime "11:19:05 PST"]
[Termination "Pantata007 won on time"]

1. d4 Nf6 2. c4 c5 3. d5 b5 4. cxb5 a6 5. bxa6 Bxa6 6. Nc3 d6 7.
e4 Bxf1 8. Kxf1 g6 9. g3 Bg7 10. Kg2 O-O 11. Nf3 Ng4 12. a4 Qa5 13. Bd2 Na6 14. Nb5 Nb4 15. Bc3 Nf6 16. Nd2 Rfc8 17. Nc4 Qa6 18. Re1 Qb7 19. Qe2 Ne8 20. h4 Rcb8 21.
Qd2 Nc7 22. Nxc7 Qxc7 23. a5 Na6 24. Nb6 Ra7 25. Rec1 Qd8 26. h5 Nc7 27. hxg6 hxg6 28. Rh1 f6 29. Qf4 Kf7 30. Qg4 Qg8 31. Rh2 Nb5 32.
Rah1 Kf8 33. Rh7 Rbb7 34. Nc4 Rc7 35. Bxf6 exf6 36. Qxg6 Qf7 37. Qf5 Ke7 38. Rxg7 Qxg7 39. Rh7 1-0

[Event "*** Titled Tuesday Blitz"]
[Site "Chess.com"]
[Date "2021.02.16"]
[Round "7"]
[White "rasmussvane"]
[Black "Kiborg95"]
[Result "1-0"]
[WhiteElo "2931"]
[BlackElo "2758"]
[TimeControl "180+1"]
[EndTime "11:19:06 PST"]
[Termination "rasmussvane won by resignation"]

1. Nf3 d6 2. d4 g6 3. e4 Bg7 4. Bd3 Nf6 5. c3 Nc6 6. O-O O-O 7. h3 e5 8. Re1 a5 9. Na3 b6 10. Nc2 Bd7 11. Be3 Re8 12. dxe5 Nxe5 13. Nxe5 dxe5 14.
Qe2 Bc6 15. Rad1 Qc8 16. Bg5 Nd7 17. Bb5 Bxb5 18. Qxb5 c6 19. Qc4 b5 20. Qe2 Nc5 21. Qe3 Ne6 22. Bh6 Qc7 23. Bxg7 Kxg7 24. Qg3 Rad8 25.
Ne3 Nf4 26. Qg5 f6 27. Nf5+ Kf7 28. Qh6 Kg8 29. Ne3 Qf7 30. g3 Nd3 31. Re2 Nc5 32. Rxd8 Rxd8 33. Qh4 Rd6 34. Ng4 Qg7 35. Nh6+ Kf8 36.
Kg2 Ne6 37. Ng4 Ng5 38. f4 exf4 39. gxf4 Nf7 40. e5 fxe5 41. fxe5 Re6 42. Rd2 h5 43. Nf6 Nxe5 44. Rd8+ Ke7 45. Nxh5+ 1-0

[Event "*** Titled Tuesday Blitz"]
[Site "Chess.com"]
[Date "2021.02.16"]
[Round "7"]
[White "Anton_Demchenko"]
[Black "Zenzo"]
[Result "1-0"]
[WhiteElo "2895"]
[BlackElo "2613"]
[TimeControl "180+1"]
[EndTime "11:19:06 PST"]
[Termination "Anton_Demchenko won by resignation"]

1. e4 e5 2. Nf3 Nc6 3. Bc4 Bc5 4.
d3 Nf6 5. Bg5 h6 6. Bh4 g5 7.
Bg3 d6 8. c3 a6 9. Nbd2 Ba7 10.
a4 Bg4 11. b4 Nh5 12. h3 Nxg3 13.
fxg3 Be6 14. Qb3 Qd7 15. a5 Ne7 16. Bxe6 fxe6 17. d4 exd4 18. Nxd4 d5 19. O-O-O O-O-O 20. N2f3 Qd6 21. e5 Qd7 22. Rhe1 Rhf8 23. Re2 Nf5 24. g4 Nxd4 25. cxd4 Rf4 26. Rc2 Rdf8 27. Kb1 Qb5 28. Qd3 Qxb4+ 29. Rb2 Qxa5 30. Qh7 Qc3 31. Rc1 Bxd4 32. Rxc3 Bxc3 33. Rc2 d4 34. Nxd4 R4f7 35. Qd3 Rf1+ 36. Rc1 Rxc1+ 37. Kxc1 Bb4 38. Qc4 c5 39. Nxe6 Rf2 40. Nxc5 Ba3+ 41. Kd1 Kb8 42. Nd7+ Ka7 43. Qd4+ b6 44. Qxb6+ 1-0

[Event "*** Titled Tuesday Blitz"]
[Site "Chess.com"]
[Date "2021.02.16"]
[Round "7"]
[White "stoleriu"]
[Black "Arseniy_Nesterov"]
[Result "1-0"]
[WhiteElo "2621"]
[BlackElo "2787"]
[TimeControl "180+1"]
[EndTime "11:19:06 PST"]
[Termination "stoleriu won by resignation"]

1. e4 e5 2. Nf3 Nc6 3. Bb5 a6 4. Ba4 b5 5. Bb3 Na5 6. Bxf7+ Kxf7 7. Nxe5+ Ke7 8. d4 d6 9. Bg5+ Nf6 10. Nd3 Kf7 11.
e5 dxe5 12. dxe5 Qd5 13. O-O Bb7 14. f3 Nc4 15. Re1 Ng4 16. e6+ Kg8 17. e7 Qxg5 18. e8=Q Rxe8 19. Rxe8 Nf6 20. Rb8 Bc6 21. Nc3 Kf7 22.
Kh1 Rg8 23. Qe2 Bd6 24. Rxg8 Nxg8 25. Re1 Qh6 26. f4 Ne7 27. b3 Nb6 28. Ne4 Bxe4 29.
Qxe4 Nbd5 30. c4 bxc4 31. bxc4 Nxf4 32. Nxf4 Qxf4 33. Qxf4+ Bxf4 34. Rf1 g5 35. g3 Ng6 36.
gxf4 Nxf4 37. Rb1 Ne6 38. Rb7 Ke7 39. Ra7 Nc5 40. Rxc7+ Kd6 41. Rxh7 Ne4 42. Rh6+ Kc5 43. Rxa6 Kxc4 44. Kg2 Kb5 45. Rg6 Ka4 46. Kf3 1-0

[Event "*** Titled Tuesday Blitz"]
[Site "Chess.com"]
[Date "2021.02.16"]
[Round "7"]
[White "krzyzan94"]
[Black "markowskitomasz"]
[Result "0-1"]
[WhiteElo "2748"]
[BlackElo "2615"]
[TimeControl "180+1"]
[EndTime "11:19:06 PST"]
[Termination "markowskitomasz won by resignation"]

1. e4 c5 2. Nf3 Nc6 3. d4 cxd4 4.
Nxd4 e5 5. Nb5 d6 6. c4 Be6 7. N5c3 Nf6 8. Bd3 Be7 9. O-O O-O 10. Nd5 Nd7 11. Nbc3 Rc8 12. Be3 Bg5 13. Rc1 Bxe3 14.
fxe3 Ne7 15. b3 Bxd5 16. exd5 f5 17. Kh1 e4 18. Be2 a6 19. Qd2 Ne5 20. Rf2 Qd7 21.
Rcf1 g6 22. a4 h5 23. Qd4 Qc7 24. Qd1 Kg7 25. Qd2 Ng8 26. Rc1 Nf6 27. Nd1 Qb6 28. b4 a5 29. c5 Qxb4 30. Qxb4 axb4 31. c6 bxc6 32. Ba6 Rc7 33. Rb2 Ra8 34. Bf1 Rxa4 35. dxc6 Rxc6 36. Rxc6 Nxc6 37. Bb5 Ra1 38. Rd2 Ne5 39.
Rxd6 Nd3 40. h3 Rxd1+ 41. Kh2 Rc1 42. Bxd3 exd3 43. Rxd3 Rc3 44. Rd4 b3 45. Rb4 Ne4 46. h4 Rxe3 0-1

[Event "*** Titled Tuesday Blitz"]
[Site "Chess.com"]
[Date "2021.02.16"]
[Round "7"]
[White "Grandelicious"]
[Black "Markov_Mikhail"]
[Result "0-1"]
[WhiteElo "2877"]
[BlackElo "2718"]
[TimeControl "180+1"]
[EndTime "11:19:07 PST"]
[Termination "Markov_Mikhail won by resignation"]

1. Nf3 Nf6 2. g3 e6 3. Bg2 d5 4.
O-O Be7 5. c4 O-O 6. b3 c5 7.
cxd5 exd5 8. d4 Nbd7 9. Nc3 b6 10. dxc5 Nxc5 11. Nd4 Bb7 12. Nf5 Nce4 13. Bb2 Re8 14.
Rc1 Bc5 15. e3 a5 16. Nxe4 dxe4 17. Qxd8 Raxd8 18. Rfd1 Kf8 19. h3 Rxd1+ 20. Rxd1 Bc6 21. g4 a4 22. Bf1 axb3 23. axb3 Ra8 24. Bxf6 gxf6 25. Bc4 Ke8 26. Nh6 Ra7 27. Ng8 Be7 28. Nxf6+ Bxf6 29. Rd6 Ra1+ 30. Kg2 Bh4 31. Rxc6 Ra2 32.
Rc8+ Kd7 33. Rf8 Rxf2+ 34. Kg1 Ke7 35. Rh8 Rf3 36. Rxh7 Bf2+ 37. Kf1 Bxe3+ 38. Ke2 Bd4 39. Bd5 Rf2+ 40. Ke1 e3 41. Bc4 Bc3+ 42. Kd1 Kd6 43. Rh5 Rd2+ 44. Kc1 e2 45. Bxe2 Rxe2 46. Rf5 f6 47. h4 Rh2 48. g5 fxg5 49. hxg5 Be5 50. Rf8 Rg2 51. Rg8 Kd5 52. g6 Bd4 53. Kd1 Ke4 54.
g7 Rxg7 55. Re8+ Kd3 0-1

[Event "*** Titled Tuesday Blitz"]
[Site "Chess.com"]
[Date "2021.02.16"]
[Round "7"]
[White "Fandorine"]
[Black "AndrewMaco"]
[Result "1-0"]
[WhiteElo "2853"]
[BlackElo "2669"]
[TimeControl "180+1"]
[EndTime "11:19:07 PST"]
[Termination "Fandorine won by resignation"]

1. c4 e5 2. g3 Nf6 3. Bg2 h6 4. Nc3 Bb4 5. Qc2 O-O 6. a3 Bxc3 7. Qxc3 Re8 8. d3 c5 9. Nf3 Nc6 10. O-O Rb8 11. b4 b6 12. b5 Nd4 13. Ra2 Bb7 14. e4 d6 15. a4 a6 16. Nxd4 exd4 17. Qc2 Qc7 18. h3 Ra8 19. g4 Nd7 20. Bf4 Ra7 21. Bg3 Rea8 22. Rfa1 axb5 23. axb5 Rxa2 24. Rxa2 Rxa2 25.
Qxa2 g5 26. f4 Qb8 27. fxg5 hxg5 28. Qd2 f6 29. h4 gxh4 30. Bxh4 Qf8 31. Qf4 Qe7 32. Bf1 Kg7 33. Be2 Ne5 34. g5 fxg5 35. Bxg5 Qf7 36. Qxf7+ Kxf7 37. Bd8 Nd7 38. Kf2 Ke8 39. Bc7 Ke7 40. Kg3 Ke8 41. Bxd6 Kf7 42. Bg4 Ke8 43. Kf4 Bc8 44. Bc7 Ke7 45. Bf5 Bb7 46.
Bxd7 Kxd7 47. Bxb6 Kd6 48. e5+ Ke6 49. Bxc5 1-0

[Event "*** Titled Tuesday Blitz"]
[Site "Chess.com"]
[Date "2021.02.16"]
[Round "7"]
[White "monalize"]
[Black "Ginger_GM"]
[Result "0-1"]
[WhiteElo "2385"]
[BlackElo "2642"]
[TimeControl "180+1"]
[EndTime "11:19:07 PST"]
[Termination "Ginger_GM won by resignation"]

1. e4 c5 2. Nf3 d6 3. d4 cxd4 4. Qxd4 Nc6 5. Qe3 Bg4 6. Be2 g6 7. O-O Bg7 8. Rd1 Qa5 9. c4 Nf6 10. Nc3 O-O 11. Rb1 Rac8 12. a3 Qc5 13. b4 Qxe3 14.
Bxe3 Bxf3 15. gxf3 Ne5 16. Nd5 Nxd5 17. cxd5 Nc4 18.
Bxa7 Nxa3 19. Rbc1 Bb2 20. Rxc8 Rxc8 21. Be3 Nc2 22.
Bd2 Bc3 23. Bg5 f6 24. Bd2 Bxb4 25. Bxb4 Nxb4 26. Rb1 Nc2 27. Rxb7 Nd4 28. Bb5 Rc1+ 29. Kg2 Kf7 30. Bd7 g5 31. Bg4 Ne2 32. Be6+ Kf8 33.
Rb8+ Kg7 34. f4 Nxf4+ 35. Kf3 Rc3+ 36. Kg4 Ng6 37. Bd7 Ne5+ 38. Kf5 Rf3+ 39. Ke6 Ng6 40. Re8 Rxf2 41. Bb5 Rxh2 42. Be2 Rxe2 43. Rxe7+ Nxe7 44. Kxe7 Rxe4+ 45. Kxd6 f5 46. Kd7 f4 47. Kc7 f3 48.
d6 Rd4 49. d7 f2 50. d8=Q Rxd8 51. Kxd8 f1=Q 52. Ke7 g4 0-1

[Event "*** Titled Tuesday Blitz"]
[Site "Chess.com"]
[Date "2021.02.16"]
[Round "7"]
[White "remi04"]
[Black "Happy1712Drummer"]
[Result "0-1"]
[WhiteElo "2598"]
[BlackElo "2456"]
[TimeControl "180+1"]
[EndTime "11:19:07 PST"]
[Termination "Happy1712Drummer won by resignation"]

1. e4 c6 2. c4 d5 3. exd5 cxd5 4. cxd5 Nf6 5. Bb5+ Nbd7 6. Nf3 Nxd5 7. Nc3 Nxc3 8. dxc3 a6 9. Ba4 e6 10. O-O b5 11. Bc2 Bb7 12. Re1 Be7 13. Bf4 Nc5 14. Qe2 O-O 15. Rad1 Qb6 16. Ne5 Rad8 17. Rxd8 Qxd8 18. Rd1 Qa8 19.
Qh5 Be4 20. Bxe4 Qxe4 21. Bg3 Na4 22. h3 Nxb2 23. Rd7 Bf6 24. Nxf7 Nd3 25. Ng5 Qf5 26. Qxh7+ Qxh7 27. Nxh7 Kxh7 28. Rxd3 Rc8 29. Rd6 a5 30. Rxe6 Rxc3 31. Be5 Rc1+ 32. Kh2 Re1 33. f4 Bxe5 34. fxe5 b4 35. Kg3 Re2 36. Ra6 Rxa2 37. e6 Kg6 38.
Ra7 Kf6 39. e7 Kf7 40. Kf3 Ke8 41. Ke3 b3 42. Kd3 a4 43. Kc3 Rc2+ 44. Kb4 b2 45.
Kxa4 b1=Q 0-1

[Event "*** Titled Tuesday Blitz"]
[Site "Chess.com"]
[Date "2021.02.16"]
[Round "7"]
[White "MatyChess1"]
[Black "Vamostodorecto"]
[Result "1-0"]
[WhiteElo "2607"]
[BlackElo "2421"]
[TimeControl "180+1"]
[EndTime "11:19:07 PST"]
[Termination "MatyChess1 won on time"]

1. e4 e5 2. Nf3 Nc6 3. Bc4 Bc5 4. c3 d6 5. d3 h6 6. Nbd2 Nf6 7. h3 O-O 8. Nf1 Bb6 9. Bb3 Be6 10. Ng3 d5 11.
Qe2 d4 12. O-O Nh7 13. Nh2 Qf6 14. Ng4 Qg6 15. Qf3 Kh8 16. Nf5 Rad8 17. Re1 Ng5 18. Qg3 dxc3 19. bxc3 Bxf5 20. exf5 Qxf5 21. Bc2 Rfe8 22.
Qh4 Kg8 23. Qg3 Kh8 24. Bd2 Rd6 25. Re2 Rg6 26. Rae1 h5 27. Qh4 Kg8 28. Bxg5 Qxg5 29. Qxg5 Rxg5 30. Nh2 Rg6 31. Nf3 Rge6 32. Bb3 R6e7 33.
Bd5 Kf8 34. Bxc6 bxc6 35. Rxe5 f6 36. Rxe7 Rxe7 37. Kf1 Rd7 38. d4 Rd5 39. c4 Rf5 40. c5 Ba5 41. Rb1 Rd5 42. Ke2 Bc3 43. Kd3 Ba5 44.
Rb7 1-0

[Event "*** Titled Tuesday Blitz"]
[Site "Chess.com"]
[Date "2021.02.16"]
[Round "7"]
[White "Goryachkina"]
[Black "marianokar"]
[Result "0-1"]
[WhiteElo "2637"]
[BlackElo "2450"]
[TimeControl "180+1"]
[EndTime "11:19:08 PST"]
[Termination "marianokar won by resignation"]

1. e4 c5 2. Nf3 d6 3. c3 Nf6 4. h3 Nbd7 5. d3 b6 6. Be2 Bb7 7. O-O g6 8. Bg5 Bg7 9. Nbd2 O-O 10. a4 h6 11. Bf4 e5 12. Bh2 a6 13. Nc4 Qc7 14.
Qb3 Nh5 15. Rfe1 Nf4 16. Ne3 Nxe2+ 17. Rxe2 Nf6 18. Nd2 Bc6 19. c4 Rab8 20. Qc2 Kh7 21. Ree1 Nh5 22. Nd5 Bxd5 23. cxd5 a5 24. Nc4 f5 25.
Qb3 f4 26. f3 Bf6 27. Qb5 Bh4 28. Re2 Rfc8 29. Rc1 g5 30. Rec2 Qe7 31. b4 cxb4 32. Nxb6 Rxc2 33. Rxc2 Qa7 34. Rc6 Be1 35. Rxd6 Ng7 36.
Qc6 Bc3 37. Rxh6+ Kg8 38. Kf1 Bd4 39. Nd7 b3 40. Nf6+ Kf7 41. Rh7 Qe7 42. Nh5 b2 43. Rxg7+ Kf8 44. Qc2 b1=Q+ 45. Qxb1 Rxb1+ 46. Ke2 Rb2+ 47. Kd1 Qxg7 48. Nxg7 Kxg7 0-1

[Event "*** Titled Tuesday Blitz"]
[Site "Chess.com"]
[Date "2021.02.16"]
[Round "7"]
[White "MITerryble"]
[Black "nrvisakh"]
[Result "1-0"]
[WhiteElo "2932"]
[BlackElo "2791"]
[TimeControl "180+1"]
[EndTime "11:19:09 PST"]
[Termination "MITerryble won by resignation"]

1. Nf3 g6 2. d4 Bg7 3. c3 Nf6 4. Bg5 O-O 5. Nbd2 d6 6. e4 Qe8 7.
Be2 e5 8. dxe5 dxe5 9. Qc2 Nbd7 10. O-O Nc5 11. Be3 Qe7 12. b4 Ncd7 13. Nc4 Ng4 14. Bg5 f6 15. Bc1 Nb6 16. Na5 Rd8 17. h3 Nh6 18. Be3 c6 19. a3 Be6 20. c4 Rab8 21. Rad1 Nf7 22. c5 Na8 23. Bc4 Nc7 24. a4 Bh6 25.
Bxh6 Nxh6 26. Rxd8+ Qxd8 27. b5 cxb5 28. axb5 Bxc4 29.
Qxc4+ Nf7 30. c6 b6 31. Nb7 Qe7 32. Rd1 Qe6 33. Qa4 Ra8 34. Rd7 Ne8 35. Nd2 Nfd6 36. Nxd6 Nxd6 37. Rxa7 Rxa7 38. Qxa7 Nxb5 39. Qb8+ Kf7 40.
c7 Nd6 41. Qxb6 Nc8 42. Qc5 Qd6 43. Qc4+ Ke7 44. Nf1 Kd7 45. Ne3 Ne7 46. Qf7 Qxc7 47. Nd5 Qd6 48. Qxh7 g5 49. Qxe7+ Qxe7 50. Nxe7 Kxe7 51.
Kh2 Kd6 52. Kg3 Ke7 53. Kg4 1-0

[Event "*** Titled Tuesday Blitz"]
[Site "Chess.com"]
[Date "2021.02.16"]
[Round "7"]
[White "grandcoach"]
[Black "ChessFighter1975"]
[Result "1-0"]
[WhiteElo "2244"]
[BlackElo "2378"]
[TimeControl "180+1"]
[EndTime "11:19:10 PST"]
[Termination "grandcoach won by checkmate"]

1. e4 d6 2. d4 Nf6 3. Nc3 Nbd7 4. Bg5 e5 5. Nf3 Be7 6. Bc4 c6 7. a4 a5 8. O-O h6 9. Bh4 Qc7 10.
Re1 Nf8 11. dxe5 dxe5 12. Bg3 Ng6 13. Qd2 Bg4 14. Qe3 O-O 15. h3 Bh5 16. Nh4 Nxh4 17. Bxh4 Rad8 18. Ne2 Bxe2 19. Rxe2 Rd4 20. b3 Rfd8 21.
c3 Rd1+ 22. Rxd1 Rxd1+ 23. Re1 Qd6 24. Bxf6 Bxf6 25. Rxd1 Qxd1+ 26. Kh2 h5 27. Qd3 Qe1 28. Qe2 Qxc3 29. Qxh5 Qd2 30. Qxf7+ Kh7 31. Qxb7 Qf4+ 32.
Kg1 Qc1+ 33. Bf1 Bh4 34. Qd7 Qb2 35. Qf5+ Kg8 36. g3 Bf6 37. Qe6+ Kh7 38. h4 Qb1 39. Kg2 Qxe4+ 40. Kg1 Qd5 41. Qf5+ Kg8 42. Bd3 Kf8 43. Bc4 Qd1+ 44. Kg2 Qd8 45. Qe6 g6 46. Qf7# 1-0

[Event "*** Titled Tuesday Blitz"]
[Site "Chess.com"]
[Date "2021.02.16"]
[Round "7"]
[White "maximnovik"]
[Black "Fusikk"]
[Result "0-1"]
[WhiteElo "2543"]
[BlackElo "2710"]
[TimeControl "180+1"]
[EndTime "11:19:11 PST"]
[Termination "Fusikk won on time"]

1. Nf3 c5 2. e4 Nc6 3. Bb5 e6 4.
O-O Nge7 5. Re1 a6 6. Bf1 Ng6 7. c3 Be7 8. d4 cxd4 9. cxd4 d5 10. e5 O-O 11. Nc3 Bd7 12. g3 h6 13. h4 Re8 14.
Be3 Na5 15. h5 Nf8 16. b3 Rc8 17.
Rc1 Bb4 18. Bd2 Qb6 19. Bd3 Rc7 20. Ne2 Rec8 21. Rxc7 Rxc7 22. Nf4 Nc6 23. Bxb4 Nxb4 24. Bb1 a5 25. Qd2 Na6 26. Ne2 Qb4 27. Qe3 Bb5 28. Kg2 a4 29. g4 axb3 30. axb3 Bxe2 31. Rxe2 Rc3 32. Qf4 Qxb3 33. Ba2 Qd1 34. Rd2 Qc1 35. g5 Nb4 36. gxh6 gxh6 37. Qxh6 Nh7 38. Qf4 Nxa2 39. Qg4+ Kh8 40. Rxa2 Rc8 41. Kh2 Rg8 42. Qh3 Qf4+ 43. Kh1 Ng5 44. Nxg5 Rxg5 45. Ra8+ Kh7 46. Rf8 Qc1+ 0-1

[Event "*** Titled Tuesday Blitz"]
[Site "Chess.com"]
[Date "2021.02.16"]
[Round "7"]
[White "Skillcam"]
[Black "Chesspirate_Channel"]
[Result "1-0"]
[WhiteElo "2483"]
[BlackElo "2296"]
[TimeControl "180+1"]
[EndTime "11:19:11 PST"]
[Termination "Skillcam won on time"]

1. d4 d5 2. c4 e5 3. dxe5 d4 4. Nf3 Nc6 5. a3 Bg4 6. Nbd2 Qd7 7. h3 Bf5 8. g4 Bg6 9. Bg2 O-O-O 10. b4 f6 11. Bb2 h5 12. g5 h4 13. gxf6 gxf6 14. Nb3 Nxe5 15. Bxd4 Qe6 16. Rc1 Nd3+ 17. Kf1 Nf4 18.
e3 Nxg2 19. Kxg2 Nh6 20. Nxh4 Be4+ 21. f3 Nf5 22. Nxf5 Bxf5 23. h4 Bd6 24. e4 Bxe4 25. fxe4 Qxe4+ 26. Kf2 Rde8 27. Qf3 Rxh4 28. Qxe4 Rhxe4 29.
c5 Bf4 30. Rc2 Bg5 31. Rh3 Rf4+ 32. Rf3 Rh4 33. Rg3 Bf4 34. Rg2 Bg5 35. Re2 Rd8 36. Be3 Rd3 37. Bxg5 fxg5 38. Re3 Rf4+ 39. Ke2 Rd8 40. Rxg5 Rh4 41. Rg2 Rh5 42. Rf2 Rh7 43.
Nd2 Rhd7 44. Nc4 b6 45. c6 Rd5 46. Rf7 a5 47. Ree7 1-0

[Event "*** Titled Tuesday Blitz"]
[Site "Chess.com"]
[Date "2021.02.16"]
[Round "7"]
[White "AryanTari"]
[Black "bascheyaro"]
[Result "1-0"]
[WhiteElo "2910"]
[BlackElo "2715"]
[TimeControl "180+1"]
[EndTime "11:19:12 PST"]
[Termination "AryanTari won by resignation"]

1. d4 Nf6 2. Nf3 d5 3. Bf4 Bf5 4. e3 e6 5. Bd3 Bg6 6. Ne5 c5 7. c3 Nc6 8. Bb5 Qb6 9. Qa4 Rc8 10.
Nd2 Be7 11. Nb3 Bc2 12. Rc1 Bxb3 13. axb3 O-O 14. Nxc6 bxc6 15. Ba6 Ra8 16. O-O Nh5 17. Be5 f6 18. dxc5 Bxc5 19. Bd4 f5 20. b4 Bxd4 21. cxd4 Rab8 22. Rxc6 Qxb4 23. Qxb4 Rxb4 24. Rxe6 Rxb2 25. g3 Nf6 26. Bd3 g6 27. Ra6 Rd2 28. Bb5 Rf7 29. Rfa1 Ne4 30. Bc6 Nc3 31. R6a3 Rc2 32. Rxc3 Rxc3 33.
Bxd5 Rc7 34. Kg2 Kg7 35. Bxf7 Kxf7 36. Ra6 h6 37. h4 Kg7 38. Kf3 Re7 39. Ke2 g5 40. h5 f4 41. gxf4 gxf4 42. Kd3 fxe3 43. fxe3 Rb7 44. d5 Rf7 45. Kd4 Rf5 46. Rxa7+ Kf8 47.
e4 Rxh5 48. e5 Rh1 49. e6 Re1 50. Rh7 Kg8 51. Rxh6 Kg7 52. Rh3 Kf6 53. Rf3+ Ke7 54. Rf7+ Ke8 55. Ra7 Ra1 56. Rxa1 1-0

[Event "*** Titled Tuesday Blitz"]
[Site "Chess.com"]
[Date "2021.02.16"]
[Round "7"]
[White "sergeikim"]
[Black "BahadirOzen"]
[Result "0-1"]
[WhiteElo "2520"]
[BlackElo "2746"]
[TimeControl "180+1"]
[EndTime "11:19:12 PST"]
[Termination "BahadirOzen won on time"]

1. d4 g6 2. c4 Bg7 3. Nc3 d6 4. e4 e5 5. d5 Nd7 6. Nf3 a5 7. Bg5 Ngf6 8. Qd2 Nc5 9. Qc2 O-O 10. Be2 Bd7 11. O-O h6 12. Bd2 Nh5 13. Ne1 Nf4 14. Bf3 f5 15. Be3 b6 16. b3 g5 17. exf5 Bxf5 18.
Qd2 e4 19. Bd1 Qf6 20. Rc1 Bg6 21. Nb5 Qe7 22. Nd4 Rae8 23. Bg4 h5 24. Bd1 Kh7 25. Kh1 Bh6 26. Bc2 h4 27. h3 Qd7 28. Kh2 Rf7 29.
Bd1 Ref8 30. Bg4 Qe7 31. Nc6 Qe8 32. Nd4 Bg7 33. Rb1 Be5 34. Kh1 Rg7 35. a3 Bh5 36. b4 axb4 37. axb4 Bxg4 38. hxg4 Nd7 39. Ne6 Nf6 40.
Nxg7 Kxg7 41. Nc2 Nxg4 42. Nd4 Rh8 43. Bxf4 gxf4 44. Ne6+ Kg8 0-1

[Event "*** Titled Tuesday Blitz"]
[Site "Chess.com"]
[Date "2021.02.16"]
[Round "7"]
[White "Funo09"]
[Black "JoakimVonAnd"]
[Result "0-1"]
[WhiteElo "2746"]
[BlackElo "2570"]
[TimeControl "180+1"]
[EndTime "11:19:15 PST"]
[Termination "JoakimVonAnd won by resignation"]

1. e4 c6 2. Nc3 d5 3. Nf3 Nf6 4. e5 Ne4 5. Ne2 Qb6 6. d4 e6 7. Ng3 c5 8. Bd3 Nxg3 9. fxg3 Nc6 10. O-O h6 11. a3 Bd7 12. dxc5 Bxc5+ 13. Kh1 a5 14. c3 a4 15. g4 Na5 16. Qe2 Nb3 17.
Rb1 O-O-O 18. Bf4 Bc6 19. Bg3 Rde8 20. Nd4 Nxd4 21. cxd4 Bxd4 22. Rxf7 g5 23. Qf3 Kb8 24. h3 Ka8 25. Bc2 Rc8 26. Qf6 Bb5 27. Bg6 Rhg8 28.
Re7 Rc6 29. Bf7 Rgc8 30. h4 Rc1+ 31. Rxc1 Rxc1+ 32. Kh2 Bg1+ 33. Kh3 Be3 34. Rxe6 Rh1+ 35. Bh2 Bf4 36. Qxf4 Qxe6 37. hxg5 hxg5 38. Bxe6 gxf4 39.
g5 d4 40. g6 Bd3 41. g7 Bh7 42. g8=Q+ Bxg8 43. Bxg8 d3 44. e6 d2 45. e7 Re1 0-1

[Event "*** Titled Tuesday Blitz"]
[Site "Chess.com"]
[Date "2021.02.16"]
[Round "7"]
[White "SanQui14"]
[Black "jd001"]
[Result "1-0"]
[WhiteElo "2433"]
[BlackElo "2271"]
[TimeControl "180+1"]
[EndTime "11:19:15 PST"]
[Termination "SanQui14 won on time"]

1. e4 e6 2. d4 d5 3. e5 c5 4. c3 Nc6 5. Nf3 Bd7 6. a3 f6 7. Bd3 fxe5 8. dxe5 g6 9. O-O Bg7 10. Re1 Nge7 11. Bf4 O-O 12. Bg3 Qb6 13. b4 a5 14.
b5 Nd8 15. a4 c4 16. Bc2 Nf5 17. Nbd2 Nxg3 18. hxg3 Nf7 19. Nxc4 Qc5 20. Ne3 Qxc3 21. Ng4 Rac8 22. Rc1 Qb4 23. Qd3 Qxg4 24. Qe3 Bh6 25. Qe2 Bxc1 26. Rxc1 Qc4 27. Qd2 Qc3 28. Qf4 Nh6 29.
Qxh6 Rxf3 30. gxf3 Qxf3 31. Bd1 Qf8 32. Rxc8 Qxc8 33.
Bg4 b6 34. Qg5 Qf8 35. Kg2 Kg7 36. Qe3 Qc5 37. Qg5 Qf8 38. Be2 h6 39. Qe3 Qc5 40.
Qf4 Qf8 41. Qh4 g5 42. Qd4 Qc5 43. Qd3 Be8 44. Bg4 Bg6 45. Qf3 Qe7 46. Qe3 Qc7 47.
Bxe6 Qe7 48. Bxd5 Bf7 49. Bf3 Be6 50. Qxb6 Qf7 51. Qe3 Bd5 52. Bxd5 Qxd5+ 53. Kh2 Kf7 54. b6 Ke6 55. Qc3 g4 56. Kg1 h5 57. Qc8+ 1-0

[Event "*** Titled Tuesday Blitz"]
[Site "Chess.com"]
[Date "2021.02.16"]
[Round "7"]
[White "night_player"]
[Black "andrzej"]
[Result "1-0"]
[WhiteElo "2181"]
[BlackElo "2301"]
[TimeControl "180+1"]
[EndTime "11:19:15 PST"]
[Termination "night_player won on time"]

1. e4 c5 2. c3 d5 3. exd5 Qxd5 4.
d4 e6 5. Nf3 Nf6 6. Be3 Nc6 7.
Bd3 Be7 8. O-O O-O 9. c4 Qh5 10. Qc2 Nb4 11. Qc3 Nxd3 12. Qxd3 Rd8 13. Qb3 b6 14. dxc5 Bb7 15. Nbd2 Ng4 16. Bf4 Bxc5 17.
Bg3 Qf5 18. Rae1 Rd3 19. Qa4 Rad8 20. b4 Bf8 21. h3 Nf6 22. Re5 Qg6 23. Qxa7 Bxf3 24.
Nxf3 Rxf3 25. gxf3 Bd6 26. Kh2 Bxe5 27. Bxe5 Qf5 28.
Qc7 Re8 29. f4 Nh5 30. Rg1 g6 31. Qd7 Ra8 32. Rg5 Qc2 33. Rg2 Qxc4 34. Qe7 Qxa2 35.
Qg5 Ng7 36. Qh6 Nf5 37. Qg5 Kf8 38. Qf6 Ke8 39. Qh8+ Kd7 40. Qxh7 Kc6 41. Qxf7 Kb5 42. Qd7+ Kxb4 43. Qc6 Qc4 44. Qxb6+ Ka4 45. f3 Rc8 46. Qa7+ 1-0

[Event "*** Titled Tuesday Blitz"]
[Site "Chess.com"]
[Date "2021.02.16"]
[Round "7"]
[White "tteshan"]
[Black "swisspower96"]
[Result "0-1"]
[WhiteElo "2362"]
[BlackElo "2640"]
[TimeControl "180+1"]
[EndTime "11:19:16 PST"]
[Termination "swisspower96 won by resignation"]

1. e4 c5 2. Nf3 Nc6 3. c3 Nf6 4.
e5 Nd5 5. d4 cxd4 6. cxd4 d6 7.
Bc4 Nb6 8. Bb5 dxe5 9. Nxe5 Bd7 10. Nxd7 Qxd7 11. O-O a6 12. Bxc6 Qxc6 13. Nc3 e6 14.
Re1 Be7 15. Be3 O-O 16. Rc1 Rfd8 17. Qg4 Rac8 18. Bh6 Bf8 19. Ne4 Qb5 20. Bg5 Rxc1 21. Rxc1 Rxd4 22. Be3 Rd8 23. Nf6+ Kh8 24. Qh4 h6 25.
Nh5 Rc8 26. Rxc8 Nxc8 27. Qd8 Kg8 28. Nxg7 Qxb2 29. h3 Qxg7 30. Qxc8 Qa1+ 31. Kh2 Qe5+ 32. g3 h5 33. Qxb7 h4 34. Bf4 hxg3+ 35. Bxg3 Qa5 36.
Qc8 Qxa2 37. Bd6 Qxf2+ 38. Kh1 Qe1+ 39. Kg2 Qd2+ 40. Kg1 Qxd6 41. Qb7 Bg7 42. Kh1 Bd4 43. Qg2+ Kf8 44. Qa8+ Kg7 45. Qg2+ Kf6 46. Qf3+ Ke5 47. Qe2+ Kd5 48. Qa2+ Ke5 49. Qa5+ Qd5+ 50. Qxd5+ Kxd5 51.
Kg2 a5 52. h4 a4 53. h5 a3 0-1